 Dungeon Crawl Stone Soup version 0.31-a0-219-g8d62b2e7bb (webtiles) character file.

Game seed: 2689832927049619555

78 qw the Shooter (level 4, 0/26 HPs)
             Began as a Gargoyle Hexslinger on July 3, 2023.
             Slain by a black bear (2 damage)
             ... on level 4 of the Dungeon.
             The game lasted 00:00:45 (2325 turns).

qw the Shooter (Gargoyle Hexslinger)                Turns: 2325, Time: 00:00:46

Health: 0/26       AC:  7    Str: 12    XL:     4   Next: 36%
Magic:  5/5        EV: 12    Int: 13    God:
Gold:   119        SH:  0    Dex: 20    Spells: 4/5 levels left

rFire   . . .        Y - +2 sling
rCold   . . .        (no shield)
rNeg    + + .        d - +0 leather armour
rPois   inf          (no helmet)
rElec   +            j - +0 cloak
rCorr   .            (no gloves)
SInv    .            (no boots)
Will    .....        (no amulet)
Stlth   +            h - +6 ring of dexterity
HPRegen 0.24/turn    a - ring of positive energy
MPRegen 0.09/turn

%: no passive effects
@: no status effects
A: sickness immunity, AC +3, negative energy resistance 1, electricity
resistance, torment resistance 1, petrification resistance
a: no special abilities


You were on level 4 of the Dungeon.
You visited 1 branch of the dungeon, and saw 4 of its levels.

You collected 119 gold pieces.


Innate Abilities, Weirdness & Mutations

You are immune to sickness and miasma.
Your stone body is resilient. (AC +3)
You are immune to poison.
You resist negative energy. (rN+)
You are resistant to electric shocks. (rElec)
You are resistant to unholy torment.
You are immune to petrification.


   Skills:
 - Level 2.0 Fighting
 + Level 4.1 Ranged Weapons
 - Level 1.5 Dodging
 - Level 1.0 Spellcasting
 - Level 2.6 Hexes


You had 4 spell levels left.
You knew the following spells:

 Your Spells              Type           Power      Damage    Failure   Level
a - Slow                  Hex            28%        N/A       12%         1

Your spell library contained the following spells:

 Spells                   Type           Power      Damage    Failure   Level
 Inner Flame              Hex/Fire       4%         N/A       52%         3
 Portal Projectile        Hex/Tloc       8%         N/A       52%         3
 Cause Fear               Hex            3%         N/A       75%         4

Inventory:

Hand Weapons
 Y - a +2 sling (weapon)
Armour
 d - a +0 leather armour (worn)
 j - a +0 cloak (worn)
Jewellery
 a - a ring of positive energy (right hand)
 h - a +6 ring of dexterity (left hand)
Scrolls
 b - a scroll of identify
Potions
 c - 2 potions of heal wounds
 e - a potion of might {unknown}
 g - a potion of curing {unknown}
 i - a potion of ambrosia {unknown}
 l - 2 potions of cancellation {unknown}

Dungeon Overview and Level Annotations

Branches:
Dungeon (4/15)
 Temple: D:4-7

Altars:
Dithmenos
Trog


Message History

The endoplasm is lightly wounded.
You shoot a sling bullet. The sling bullet hits the endoplasm.
You kill the endoplasm!
Found a stone staircase leading down.
Found a stone staircase leading up.
l - 2 blue potions (gained 1)
A black bear comes into view.
You shoot a sling bullet. The sling bullet hits the black bear!
The black bear growls angrily.
The black bear is moderately wounded.
You shoot a sling bullet. The sling bullet hits the black bear.
The black bear is heavily wounded.
You shoot a sling bullet.
The sling bullet barely misses the black bear.
You shoot a sling bullet. The sling bullet hits the black bear.
The black bear is heavily wounded.
You shoot a sling bullet. The sling bullet hits the black bear.
The black bear is severely wounded.
You shoot a sling bullet. The sling bullet hits the black bear.
The black bear is severely wounded.
The black bear goes berserk!
You shoot a sling bullet.
The sling bullet barely misses the black bear.
The black bear barely misses you. The black bear misses you.
The black bear completely misses you. The black bear misses you.
The black bear claws you. x2
You shoot a sling bullet. The sling bullet hits the black bear.
The black bear is severely wounded.
The black bear barely misses you. The black bear claws you. x2
The black bear bites you but does no damage.
The black bear claws you but does no damage.
The black bear closely misses you.
You shoot a sling bullet. The sling bullet hits the black bear.
The black bear is almost dead.
The black bear bites you!
The black bear claws you but does no damage.
The black bear claws you.
The black bear bites you but does no damage.
The black bear claws you.
You die...

#....>.# ######
#......#####....#
#............##.#
#......########.#
#.....<# #.#
######## #.# #.#
...##########.#
......h@....#.#
...########.#.##
#....### ##.....#
#<....# #.....#
#.....# #######


You could see a black bear (berserk).

Vanquished Creatures
  An adder (D:2)
  A worm (D:2)
  2 dart slugs
  3 orcs (D:3)
  5 ball pythons
  6 bats
  9 endoplasms
  2 goblins (D:1)
  2 hobgoblins
  5 jackals
  5 kobolds
  3 quokkas
  A frilled lizard (D:2)
  8 rats
53 creatures vanquished.

Notes
Turn   | Place    | Note
-------+----------+-------------------------------------------
     0 | D:1      | qw the Gargoyle Hexslinger began the quest for the Orb.
     0 | D:1      | Reached XP level 1. HP: 12/12 MP: 2/2
     0 | D:1      | 0 ||| qw: Version: 0.3-a-40-ge99b1a8
     0 | D:1      | 0 ||| qw: Game counter: 339
     0 | D:1      | 0 ||| qw: Melee chars always use a shield: true
     0 | D:1      | 0 ||| qw: God list: Okawaru
     0 | D:1      | 0 ||| qw: Allow faded altars: false
     0 | D:1      | 0 ||| qw: Do Orc after clearing Dungeon:15 true
     0 | D:1      | 0 ||| qw: Do second Lair branch before Depths: true
     0 | D:1      | 0 ||| qw: Lair rune preference: random
     0 | D:1      | 0 ||| qw: Goals: Normal
     0 | D:1      | 0 ||| PLANNING D:1-11
   109 | D:1      | Reached XP level 2. HP: 16/16 MP: 3/3
   131 | D:1      | HP: 4/16 [kobold/+0 short sword (3)]
   133 | D:1      | HP: 1/16 [kobold/+0 short sword (3)]
   197 | D:1      | Found a faded altar of an unknown god.
   274 | D:1      | Reached skill level 3 in Ranged Weapons
   572 | D:1      | Reached XP level 3. HP: 21/21 MP: 4/4
   646 | D:1      | 646 ||| UPGRADING to +0 leather armour.
   656 | D:1      | 656 ||| DROPPING +0 robe.
   657 | D:1      | 657 ||| UPGRADING to +0 cloak.
   662 | D:1      | 662 ||| UPGRADING to +6 ring of dexterity.
   663 | D:1      | 663 ||| READING 2 scrolls labelled DUIJURUO OJAU.
   764 | D:1      | 764 ||| READING scroll labelled QIOMMA QAIPHE.
   765 | D:1      | 765 ||| READING scroll labelled FAETZI BUFUI.
   766 | D:1      | 766 ||| DROPPING scroll of silence.
   767 | D:1      | 767 ||| DROPPING scroll of poison.
   915 | D:2      | Identified the +8 short sword "Gollaom" {drain, +Blink
                  | rElec rCorr Str-3}
  1243 | D:2      | 1243 ||| UPGRADING to ring of positive energy.
  1244 | D:2      | 1244 ||| READING 3 scrolls labelled NAADGH ILOURR.
  1245 | D:2      | 1245 ||| READING 2 scrolls of identify.
  1245 | D:2      | 1245 ||| IDENTIFYING puce potion
  1364 | D:3      | Reached XP level 4. HP: 26/26 MP: 5/5
  1521 | D:3      | Reached skill level 4 in Ranged Weapons
  1600 | D:3      | Found a shadowy altar of Dithmenos.
  2010 | D:3      | Found a bloodstained altar of Trog.
  2224 | D:3      | 2224 ||| READING 2 scrolls labelled TUTWUKKULI.
  2225 | D:3      | 2225 ||| READING scroll labelled REKHLARAOHEM.
  2226 | D:3      | 2226 ||| DROPPING scroll of blinking.
  2316 | D:4      | Noticed a black bear
  2325 | D:4      | HP: 6/26 [black bear (8)]
  2325 | D:4      | HP: 2/26 [black bear (4)]
  2325 | D:4      | Slain by a black bear

Levels and vault maps discovered:
D:1:      saegor_arrival_simple_c, layout_basic,
          hellmonk_ecumenical_altar_arch_garden, chequers_jeans, st_stairs_1,
          serial_bayou_pond_d
D:2:      layout_rooms
D:3:      layout_basic, mainiacjoe_overflow_cross_hatched,
          nicolae_dithmenos_the_darkroom, minmay_misc_feat_cross
D:4:      layout_rooms, serial_forest, infiniplex_forest_end_double,
          infiniplex_forest_lined_4_way, infiniplex_forest_end_3,
          infiniplex_forest_lined_room_, infiniplex_forest_clump_curved,
          infiniplex_forest_end_2, infiniplex_forest_lined_ring, serial_shops,
          nicolae_shop_bloodbath_and_beyond, uniq_ijyb

Skill      XL: |  1  2  3  4 |
---------------+-------------+-----
Ranged Weapons | 3 4 |  4.1
Fighting       | 2 |  2.0
Dodging        | |  1.5
Spellcasting   | |  1.0
Hexes          | |  2.6

Action                     |  1- 3 |  4- 6 || total
---------------------------+-------+-------++-------
   Fire: Sling             |   110 |    44 ||   154
    Use: Scroll            |     5 |     2 ||     7
 Armour: Robe              |    18 |       ||    18
         Leather armour    |     8 |     6 ||    14
  Dodge: Dodged            |    39 |    11 ||    50

Table legend:
 A = Non-vault XP
 B = Vault XP
 C = Vault XP percentage of total XP
 D = Non-vault monster count
 E = Vault monster count
 F = Vault count percentage of total count
                 A         B        C        D         E       F
            +---------+---------+-------+---------+---------+-------
      Total |     107 |       5 |   4.5 |      50 |       3 |   5.7
            +---------+---------+-------+---------+---------+-------
        D:1 |      32 |       5 |  13.5 |      18 |       3 |  14.3
        D:2 |      38 |       0 |   0.0 |      13 |       0 |   0.0
        D:3 |      33 |       0 |   0.0 |      17 |       0 |   0.0
        D:4 |       4 |       0 |   0.0 |       2 |       0 |   0.0
            +---------+---------+-------+---------+---------+-------
